 Dungeon Crawl Stone Soup version 0.23.0-3-gf3c87f2 (webtiles) character file.

Game seed: 10524064079098003389

85 dvd the Chiller (level 4, -1/30 HPs)
             Began as a Merfolk Ice Elementalist on Feb 21, 2019.
             Slain by a gnoll
             ... wielding a +0 whip
              (7 damage)
             ... on level 2 of the Dungeon.
             The game lasted 00:06:36 (3042 turns).

dvd the Chiller (Merfolk Ice Elementalist)          Turns: 3042, Time: 00:06:37

Health: -1/30      AC:  2    Str:  8    XL:     4   Next: 48%
Magic:  1/7        EV: 13    Int: 15    God:
Gold:   80         SH:  0    Dex: 14    Spells: 2/8 levels left

rFire    . . .     SeeInvis .   p - +0 trident
rCold    . . .     Gourm    .   (no shield)
rNeg     . . .     Faith    .   a - +0 robe
rPois    .         Spirit   .   (no helmet)
rElec    .         Reflect  .   (no cloak)
rCorr    .         Harm     .   (no gloves)
MR       .....                  (no boots)
Stlth    ++........             (no amulet)
HPRegen  0.10/turn              (no ring)
MPRegen  0.10/turn              (no ring)

@: no status effects
A: change form in water, swift swim, stealthy swim
a: no special abilities


You were on level 2 of the Dungeon.
You were hungry.

You visited 1 branch of the dungeon, and saw 3 of its levels.

You collected 80 gold pieces.

Inventory:

Hand Weapons
 e - a +0 dagger
 p - a +0 trident (weapon)
Armour
 a - a +0 robe (worn)
 q - a +0 ring mail
Wands
 n - a wand of clouds (2)
Scrolls
 b - a scroll of blinking {unknown}
 f - a scroll of remove curse {unknown}
 g - 2 scrolls of amnesia {unknown}
 h - a scroll of random uselessness {unknown}
 i - 4 scrolls of identify {unknown}
 r - a scroll of teleportation {unknown}
 s - a scroll of fear {unknown}
Potions
 d - 2 potions of lignification {unknown}
 j - a potion of magic {unknown}
 k - a potion of heal wounds {unknown}
 m - a potion of might {unknown}
 o - a potion of degeneration {unknown}
Comestibles
 c - 5 rations


   Skills:
 + Level 0.4 Polearms
 + Level 3.0 Dodging
 + Level 2.8 Stealth
 + Level 2.6 Spellcasting
 + Level 0.7 Conjurations
 + Level 0.4 Charms
 + Level 4.6 Ice Magic


You had 2 spell levels left.
You knew the following spells:

 Your Spells              Type           Power        Failure   Level  Hunger
a - Freeze                Ice            ###.         3%          1    #......
b - Throw Frost           Conj/Ice       ##....       11%         2    ###....
c - Ozocubu's Armour      Chrm/Ice       #.......     22%         3    ###....

Your spell library contained the following spells:

 Spells                   Type           Power        Failure   Level  Hunger
 Throw Icicle             Conj/Ice       ##......     56%         4    #####..
 Summon Ice Beast         Ice/Summ       #.......     63%         4    #####..


Dungeon Overview and Level Annotations

Branches:
Dungeon (3/15)

Altars:
Elyvilon
Nemelex Xobeh
Sif Muna


Message History

You freeze the gnoll.
The gnoll is heavily wounded.
The gnoll completely misses you.
Casting: Freeze (safe; 3% risk of failure)
Confirm with . or Enter, or press ? or * to list all spells.
Aiming: Freeze (safe; 3% risk of failure)
Press: ? - help, Shift-Dir - straight line, f/p - gnoll
Aim: a gnoll, wielding a +0 whip (heavily wounded)
You freeze the gnoll.
The gnoll is severely wounded.
The gnoll closely misses you.
Casting: Freeze (safe; 3% risk of failure)
Confirm with . or Enter, or press ? or * to list all spells.
Aiming: Freeze (safe; 3% risk of failure)
Press: ? - help, Shift-Dir - straight line, f/p - gnoll
Aim: a gnoll, wielding a +0 whip (severely wounded)
You freeze the gnoll.
The gnoll is severely wounded.
The gnoll hits you with a +0 whip!
You die...

#######################
#####
#...........@g....)..)#
#....
#.###################>#
#.#.. #.# ###########
#.# #.#.# #.#
#.........# #)###.#.#
#.# #.#######.#
#>##....# #.# #.# #.#
#.)..#### #.# #.#
#.#######....# #.# #.#
#.#........#.# #.# #.#
#.#.########.#


You could see a gnoll.

Vanquished Creatures
  2 gnolls (D:2)
  2 adders (D:2)
  A worm (D:2)
  A dart slug (D:3)
  2 leopard geckos (D:2)
  3 bats
  4 giant cockroaches
  6 goblins
  8 hobgoblins
  A quokka (D:2)
  6 frilled lizards
  2 kobolds (D:1)
  4 rats (D:2)
42 creatures vanquished.

Vanquished Creatures (others)
  A bat (D:3)
1 creature vanquished.

Grand Total: 43 creatures vanquished

Notes
Turn   | Place    | Note
-------+----------+-------------------------------------------
     0 | D:1      | dvd the Merfolk Ice Elementalist began the quest for the
                  | Orb.
     0 | D:1      | Reached XP level 1. HP: 13/13 MP: 3/3
   969 | D:2      | Reached XP level 2. HP: 17/19 MP: 0/5
  1070 | D:2      | Learned a level 2 spell: Throw Frost
  1147 | D:2      | Noticed an ogre
  1263 | D:2      | Reached XP level 3. HP: 22/24 MP: 3/6
  1274 | D:2      | Learned a level 3 spell: Ozocubu's Armour
  1391 | D:2      | Reached skill level 4 in Ice Magic
  2114 | D:2      | Found a deep blue altar of Sif Muna.
  2118 | D:2      | Found a sparkling altar of Nemelex Xobeh.
  2118 | D:2      | Found a white marble altar of Elyvilon.
  2482 | D:2      | Reached XP level 4. HP: 16/30 MP: 0/7
  3042 | D:2      | Slain by a gnoll

Skill      XL: |  1  2  3  4 |
---------------+-------------+-----
Ice Magic      | 4 |  4.6
Dodging        | 3 |  3.0
Polearms       | |  0.4
Stealth        | |  2.8
Spellcasting   | |  2.6
Conjurations   | |  0.7
Charms         | |  0.4

Action                   |  1- 3 |  4- 6 || total
-------------------------+-------+-------++-------
Melee: Dagger            |    18 |       ||    18
       Trident           |     6 |    27 ||    33
 Cast: Freeze            |    39 |     8 ||    47
       Throw Frost       |     5 |     6 ||    11
       Ozocubu's Armour  |     1 |     2 ||     3
 Stab: Sleeping          |     7 |       ||     7
  Eat: Chunk             |     5 |     3 ||     8
Armor: Robe              |     7 |     7 ||    14
Dodge: Dodged            |    28 |    38 ||    66
